 Dungeon Crawl Stone Soup version 0.26-a0-651-gb41185065b (webtiles) character file.

Game seed: 16691460555900584965

188250 HoaS the Executioner (level 18, -8/138 HPs)
             Began as a Formicid Fighter on Oct 4, 2020.
             Was the Champion of Makhleb.
             Mangled by Arachne
             ... wielding an uncursed staff of poison
              (14 damage)
             ... on level 3 of the Spider Nest.
             The game lasted 01:30:03 (31945 turns).

HoaS the Executioner (Formicid Fighter)            Turns: 31945, Time: 01:30:04

Health: -8/138     AC: 32    Str: 28    XL:     18   Next: 74%
Magic:  18/18      EV: 21    Int: 10    God:    Makhleb [******]
Gold:   3777       SH: 26    Dex: 12    Spells: 17/17 levels left

rFire    . . .     SeeInvis +   w - +9 executioner's axe (elec)
rCold    + . .     Faith    .   B - +0 tower shield "Imyuru" {rElec rC+} (curse)
rNeg     . . .     Spirit   .   D - +10 ring mail of Xeur {Rampage *Slow MR++ rCorr}
rPois    .         Reflect  +   (helmet unavailable)
rElec    +         Harm     .   s - +2 cloak
rCorr    +         Rampage  +   G - +2 pair of gloves {Str+3}
MR       +++..                  l - +2 pair of boots {Fly}
Stlth    +.........             A - amulet of reflection
HPRegen  0.33/turn              L - +4 ring of protection
MPRegen  0.16/turn              c - +4 ring of evasion

@: lethally poisoned (-8 -> -109), flying
A: permanent stasis, dig shafts and tunnels, four strong arms, antennae 3
}: 1/15 runes: decaying
a: Dig, Shaft Self, Minor Destruction, Lesser Servant of Makhleb, Major
Destruction, Greater Servant of Makhleb, Renounce Religion, Stop Flying


You were on level 3 of the Spider Nest.
You worshipped Makhleb.
Makhleb was exalted by your worship.
You visited 6 branches of the dungeon, and saw 31 of its levels.
You also visited: Ice Cave.

You collected 5005 gold pieces.
You spent 1228 gold pieces at shops.

Inventory:

Hand Weapons
 q - a +3 great mace of venom
 w - a +9 executioner's axe of electrocution (weapon)
Armour
 l - a +2 pair of boots of flying (worn)
 s - a +2 cloak (worn)
 B - the cursed +0 tower shield "Imyuru" (worn) {rElec rC+}
   (You bought it in a shop on level 2 of the Orcish Mines)

   It protects you from cold.
   It insulates you from electricity.
   It has a curse placed upon it.
 D - the +10 ring mail of Xeur (worn) {Rampage *Slow MR++ rCorr}
   (You took it off an orc warrior on level 10 of the Dungeon)

   It affects your resistance to hostile enchantments.
   It provides partial protection from all sources of acid and corrosion.
   It may slow you when you take damage.
   It bestows one free step when moving towards enemies.
 G - a +2 pair of gloves of strength (worn)
Jewellery
 c - a +4 ring of evasion (right hand)
 i - an uncursed ring of protection from cold
 m - an uncursed ring of flight
 o - a +6 ring of dexterity
 A - an amulet of reflection (around neck)
 C - the ring of Lanean {rCorr Str+9 Dex-3}
   (You took it off a yaktaur on level 12 of the Dungeon)

   [ring of resist corrosion]

   It affects your strength (+9).
   It affects your dexterity (-3).
   It provides partial protection from all sources of acid and corrosion.
 H - an uncursed ring of protection from fire
 J - an uncursed ring of protection from fire
 K - an uncursed ring of poison resistance
 L - a +4 ring of protection (left hand)
 S - the ring "Buimeash" {MR+ Str+4 Int-2}
   (You took it off a skeletal warrior on level 12 of the Dungeon)

   [ring of protection from magic]

   It affects your strength (+4).
   It affects your intelligence (-2).
   It affects your resistance to hostile enchantments.
 U - the cursed ring of Lynnorucw {rElec rC++ Str+4 Dex-4 Stlth+}
   (You found it on level 12 of the Dungeon)

   [ring of dexterity]

   It affects your strength (+4).
   It affects your dexterity (-4).
   It greatly protects you from cold.
   It insulates you from electricity.
   It makes you more stealthy.
   It has a curse placed upon it.
Wands
 b - a wand of flame (31)
 j - a wand of disintegration (54)
 p - a wand of paralysis (15)
 t - a wand of iceblast (34)
 x - a wand of random effects (21)
 z - a wand of polymorph (21)
 I - a wand of acid (7)
 M - a wand of enslavement (7)
Scrolls
 e - 9 scrolls of fog
 f - 12 scrolls of remove curse
 h - 5 scrolls of fear
 y - 10 scrolls of identify
 E - 5 scrolls of magic mapping
 N - a scroll of holy word
 O - a scroll of silence
 P - a scroll of brand weapon
 R - 2 scrolls of enchant armour
Potions
 a - 4 potions of heal wounds
 d - 4 potions of might
 g - 4 potions of lignification
 k - 4 potions of resistance
 n - 4 potions of invisibility
 r - 2 potions of flight
 u - 9 potions of ambrosia
 v - 7 potions of curing
 F - 3 potions of cancellation
 V - 4 potions of stabbing


   Skills:
 - Level 11.0 Fighting
 * Level 22.1 Axes
 - Level 11.0 Armour
 - Level 10.5 Dodging
 - Level 15.0 Shields


You had 17 spell levels left.
You didn't know any spells.
Your spell library contained the following spells:

 Spells                   Type           Power        Failure   Level
 Animate Skeleton         Necr           #.....       45%         1
 Foxfire                  Conj/Fire      #...         45%         1
 Freeze                   Ice            #...         45%         1
 Magic Dart               Conj           #...         45%         1
 Pain                     Necr           #...         45%         1
 Call Imp                 Summ           #.......     58%         2
 Slow                     Hex            #.......     58%         2
 Conjure Flame            Conj/Fire      #.......     83%         3
 Frozen Ramparts          Ice            #.....       83%         3
 Inner Flame              Hex/Fire       #.......     83%         3
 Mephitic Cloud           Conj/Pois/Air  #.......     83%         3
 Ozocubu's Armour         Ice            #.......     83%         3
 Vampiric Draining        Necr           #.........   83%         3
 Animate Dead             Necr           #.........   99%         4
 Hailstorm                Conj/Ice       #.......     99%         4
 Ice Form                 Ice/Tmut       #.......     99%         4
 Sticky Flame             Conj/Fire      #.......     99%         4
 Summon Ice Beast         Ice/Summ       #.......     99%         4
 Agony                    Necr           #.......     100%        5
 Fireball                 Conj/Fire      #.........   100%        5
 Metabolic Englaciation   Hex/Ice        #.........   100%        5
 Summon Demon             Summ           #.........   100%        5
 Summon Forest            Summ/Tloc      #.........   100%        5
 Summon Mana Viper        Hex/Summ       #.......     100%        5
 Dispersal                Tloc           #.........   100%        6
 Freezing Cloud           Conj/Ice/Air   #.........   100%        6
 Invisibility             Hex            #.......     100%        6
 Ozocubu's Refrigeration  Ice            #.........   100%        6
 Shadow Creatures         Summ           N/A          100%        6
 Simulacrum               Ice/Necr       #.........   100%        6
 Summon Hydra             Summ           #.........   100%        7
 Blink                    Tloc           Unusable     N/A         2

Dungeon Overview and Level Annotations

Branches:
Dungeon (15/15)            Temple (1/1) D:6            Lair (6/6) D:11
  Swamp (4/4) Lair:2       Spider (3/4) Lair:4        Slime (0/5) Lair:5
    Orc (2/2) D:11            Elf (0/3) Orc:2        Vaults (0/5) D:14
 Depths (0/5) D:15          IceCv (visited)

Altars:
Ashenzari
Cheibriados
Dithmenos
Elyvilon
Fedhas
Gozag
Hepliaklqana
Kikubaaqudgha
Makhleb
Nemelex Xobeh
Okawaru
Qazlal
Ru
Sif Muna
Trog
Uskayaw
Vehumet
Wu Jian
Xom
Yredelemnul
Zin
The Shining One
Jiyva

Shops:
D:4 [??   D:5 [   D:13 *?}?*   Orc:2 [?}[

Annotations:
D:14 3 runed translucent doors, Dido's ghost, journeyman MiFi
Spider:3 Arachne


Innate Abilities, Weirdness & Mutations

You cannot be hasted, slowed, berserked, paralysed or teleported.
You can dig through walls and to a lower floor.
Your four strong arms can wield two-handed weapons with a shield.
You have a pair of large antennae on your head. (SInv)


Message History

The stream of webbing hits you but does no damage.
You are even more entangled.
Arachne casts a spell at you. The poison arrow hits you!!
You are more poisoned.
* * * LOW HITPOINT WARNING * * *
The web tears apart.
* * * LOW HITPOINT WARNING * * *
You feel extremely sick. Arachne casts a spell at you.
The poison arrow hits you!
You are more poisoned.
* * * LOW HITPOINT WARNING * * *
You closely miss Arachne.
Arachne is almost dead.
* * * LOW HITPOINT WARNING * * *
You feel extremely sick. You block Arachne's attack.
Arachne hits you with an uncursed staff of poison!
You die...

. ### . #^.##.
#..... #.....####
#....s..##
###...††.#
#....#H.##
##.^.#.@.# ....
#..#### ...##
#.....# ##### ...
#.....###.#.####
..
#..#...#..#...^#
##.#..........#
###^#......###
###
#####.#....####.#
#.^####....#.##..


You could see Arachne and an orb spider.

Vanquished Creatures
  Nikola (Swamp:3)
  A tentacled monstrosity (Swamp:4)
  Jorgrun (Swamp:1)
  Frances (Spider:2)
  2 thorn hunters
  Kirke (Swamp:2)
  Donald (Spider:1)
  Roxanne (Swamp:1)
  A ghost moth (Spider:2)
  An orc warlord (Orc:1)
  3 very ugly things
  An entropy weaver (Spider:2)
  An ettin (D:15)
  2 green deaths (Swamp:4)
  A fire dragon (Lair:6)
  A vault guard (D:14)
  18 hydras
  A ghost crab (Swamp:3)
  A catoblepas (D:11)
  2 shambling mangroves (Swamp:1)
  6 centaur warriors
  22 two-headed ogres
  A death knight (D:14)
  8 alligators
  4 ogre magi (Orc:2)
  A tengu warrior (D:15)
  An orc high priest (Orc:1)
  4 spriggans
  3 unseen horrors
  2 skeletal warriors
  3 wizards (D:14)
  A deep troll (D:15)
  4 swamp dragons
  2 phantasmal warriors (D:14)
  A deep elf archer (D:12)
  3 orc knights
  A necromancer (D:14)
  A lindwurm (Lair:6)
  A wolf spider zombie (D:13)
  4 oklob plants
  2 cyclopes
  2 manticores (D:14)
  6 orb spiders (Spider:1)
  16 ugly things
  19 wolf spiders
  2 centaur zombies
  An orange demon (Swamp:4)
  5 black mambas
  2 molten gargoyles (Lair:6)
  2 torpor snails
  2 gargoyles
  3 centaur skeletons
  15 cane toads
  7 komodo dragons
  An efreet (D:14)
  3 yaktaurs
  8 demonic crawlers
  A freezing wraith (D:14)
  A tengu conjurer (D:15)
  10 trolls
  2 tyrant leeches
  A queen bee (shapeshifter) (D:14)
  6 meliai (D:14)
  2 polar bears
  A queen bee (D:14)
  22 jumping spiders
  17 slime creatures
  11 bog bodies
  8 hornets
  20 blink frogs
  8 hippogriffs
  20 redbacks
  Sigmund (D:3)
  6 shadows
  6 wyverns
  14 tarantellas
  21 yaks
  4 wraiths
  A vampire (D:9)
  A water elemental (D:14)
  Eustachio (D:5)
  2 hogs (Swamp:2)
  Grum (D:8)
  20 humans
  5 basilisks
  2 steam dragons
  8 vampire mosquitoes
  18 swamp worms
  A harpy simulacrum (D:14)
  7 insubstantial wisps
  7 wargs
  2 large abominations (Swamp:4)
  17 water moccasins
  4 hell hounds (Lair:6)
  A soldier ant (D:12)
  2 acid dragons (D:11)
  8 porcupines
  9 swamp drakes
  9 sky beasts
  7 black bears
  An eye of draining (D:12)
  A hornet zombie (D:10)
  11 ice beasts
  17 orc warriors
  4 phantoms
  2 necrophages
  9 wolves
  32 ogres
  12 centaurs
  The ghost of p0werm0de the Skirmisher, an amateur GrFi of Okawaru (D:4)
  9 crocodiles
  A big kobold (D:12)
  A bullfrog (shapeshifter) (D:12)
  A wyvern zombie (D:14)
  2 elf zombies (D:15)
  14 bullfrogs
  A gnoll sergeant (D:10)
  A wyvern skeleton (D:10)
  5 scorpions
  A troll zombie (D:15)
  25 killer bees
  11 wights
  10 howler monkeys
  6 electric eels
  5 lava snakes (Lair:6)
  2 bullfrog zombies
  4 hounds
  2 human zombies (D:15)
  6 jellies
  3 quasits (D:4)
  20 orc priests
  3 bullfrog skeletons (D:10)
  14 orc wizards
  2 human skeletons (D:15)
  2 iguanas
  12 worker ants
  A hound zombie (D:8)
  A hound skeleton (D:8)
  A mummy (D:15)
  A worker ant zombie (D:5)
  12 adders
  11 gnolls
  2 shadow imps
  2 white imps
  2 ufetubi
  3 oozes
  2 worms (D:2)
  A dart slug (D:3)
  6 leopard geckos
  52 orcs
  9 giant cockroaches
  2 gnoll zombies (D:5)
  9 goblins
  6 hobgoblins
  8 jackals
  6 quokkas
  3 ball pythons
  13 bats
  5 frilled lizards
  14 kobolds
  7 rats
  7 briar patches (Swamp:4)
  A bush (D:8)
  A butterfly (Spider:1)
967 creatures vanquished.

Vanquished Creatures (others)
  A vampire mosquito (D:12)
  A quasit (D:11)
  A kobold (D:12)
  2 briar patches (Swamp:2)
  91 fungi
  111 plants
  12 toadstools (D:8)
219 creatures vanquished.

Grand Total: 1186 creatures vanquished

Notes
Turn   | Place    | Note
-------+----------+-------------------------------------------
     0 | D:1      | HoaS the Formicid Fighter began the quest for the Orb.
     0 | D:1      | Reached XP level 1. HP: 18/18 MP: 1/1
   322 | D:1      | Reached XP level 2. HP: 24/24 MP: 2/2
   439 | D:1      | Reached XP level 3. HP: 27/29 MP: 3/3
   451 | D:1      | Reached skill level 3 in Axes
  1295 | D:2      | Reached XP level 4. HP: 35/35 MP: 4/4
  2271 | D:2      | Reached skill level 4 in Axes
  2410 | D:2      | Reached XP level 5. HP: 20/41 MP: 5/5
  2581 | D:3      | Reached skill level 5 in Shields
  2902 | D:3      | Reached XP level 6. HP: 39/47 MP: 6/6
  3009 | D:3      | Reached skill level 5 in Axes
  3355 | D:3      | Noticed Sigmund
  3392 | D:3      | Killed Sigmund
  3392 | D:3      | Reached XP level 7. HP: 30/52 MP: 7/7
  3558 | D:4      | Found Usunle's Armour Emporium.
  3574 | D:3      | Reached skill level 6 in Axes
  3760 | D:4      | Found Jompubar's Magic Scroll Shop.
  4419 | D:4      | Reached skill level 7 in Axes
  4454 | D:4      | Found a transporter.
  4657 | D:3      | Reached XP level 8. HP: 58/58 MP: 8/8
  5158 | D:4      | Reached skill level 13 in Axes
  5158 | D:4      | Reached XP level 9. HP: 64/64 MP: 9/9
  5214 | D:4      | Found Erusm's Magic Scroll Emporium.
  5313 | D:4      | Found a transporter.
  5346 | D:4      | Noticed p0werm0de's ghost (amateur GrFi)
  5383 | D:4      | Reached skill level 14 in Axes
  5473 | D:5      | Entered Level 5 of the Dungeon
  5712 | D:5      | Noticed Eustachio
  5873 | D:5      | Killed Eustachio
  5892 | D:5      | Found Ruiviomu's Antique Armour Emporium.
  5907 | D:5      | Bought a pair of runed boots for 210 gold pieces
  6535 | D:5      | Found a shimmering blue altar of Sif Muna.
  6535 | D:5      | Found a sparkling altar of Nemelex Xobeh.
  6535 | D:5      | Found an ancient bone altar of Kikubaaqudgha.
  6709 | D:5      | Found a basalt altar of Yredelemnul.
  6952 | D:4      | Killed p0werm0de's ghost
  7258 | D:6      | Found a staircase to the Ecumenical Temple.
  7265 | Temple   | Entered the Ecumenical Temple
  7520 | Temple   | Became a worshipper of Makhleb the Destroyer
  7653 | D:6      | Reached XP level 10. HP: 68/70 MP: 10/10
  7843 | D:6      | Found a shadowy altar of Dithmenos.
  8588 | D:7      | Reached * piety under Makhleb
  8630 | D:7      | Reached skill level 15 in Axes
  9145 | D:8      | Found a bloodstained altar of Trog.
  9356 | D:8      | Reached ** piety under Makhleb
  9467 | D:8      | Noticed Grum
  9470 | D:8      | Reached XP level 11. HP: 75/75 MP: 11/11
  9492 | D:8      | Killed Grum
  9701 | D:8      | Found a blossoming altar of Fedhas.
  9719 | D:8      | Noticed an oklob plant
 11101 | D:10     | Entered Level 10 of the Dungeon
 11128 | D:10     | Reached skill level 16 in Axes
 11185 | D:10     | Noticed a two-headed ogre
 11212 | D:10     | Killed a two-headed ogre
 11212 | D:10     | Reached skill level 1 in Dodging
 11333 | D:10     | Found a glowing silver altar of Zin.
 11546 | D:10     | Noticed an unseen horror
 11556 | D:10     | Reached *** piety under Makhleb
 11566 | D:10     | Killed an unseen horror
 11784 | D:10     | Reached skill level 5 in Fighting
 11787 | D:10     | Reached skill level 5 in Armour
 11865 | D:10     | Identified the +10 ring mail of Xeur {Rampage *Slow MR++
                  | rCorr}
 11881 | D:10     | Reached XP level 12. HP: 86/86 MP: 12/12
 11979 | D:11     | Found a staircase to the Orcish Mines.
 12017 | D:11     | Found a staircase to the Lair.
 12021 | D:11     | Noticed a two-headed ogre
 12054 | D:11     | Killed a two-headed ogre
 12117 | D:11     | Noticed a catoblepas
 12143 | D:11     | Killed a catoblepas
 12183 | D:11     | Found a frozen archway.
 12192 | IceCv    | Entered an ice cave
 12746 | D:11     | Noticed a seven-headed hydra
 12758 | D:11     | HP: 4/89 [seven-headed hydra (9)]
 12759 | D:11     | Killed a seven-headed hydra
 12759 | D:11     | Reached skill level 5 in Dodging
 13186 | D:11     | Noticed a two-headed ogre
 13194 | D:11     | Killed a two-headed ogre
 13205 | D:11     | Reached **** piety under Makhleb
 13996 | Lair:1   | Entered Level 1 of the Lair of Beasts
 14221 | Lair:1   | Reached XP level 13. HP: 98/98 MP: 13/13
 14792 | Lair:1   | You are sucked into a shaft and drop 1 floor!
 15913 | Lair:2   | Found a staircase to the Swamp.
 17402 | Lair:4   | Found a hole to the Spider Nest.
 18457 | Lair:5   | Found a staircase to the Slime Pits.
 18457 | Lair:5   | Found a viscous altar of Jiyva.
 18966 | Lair:6   | Entered Level 6 of the Lair of Beasts
 18984 | Lair:6   | Noticed a seven-headed hydra
 18994 | Lair:6   | Killed an eight-headed hydra
 19046 | Lair:6   | Reached XP level 14. HP: 92/108 MP: 14/14
 19268 | Lair:6   | Reached ***** piety under Makhleb
 19792 | Lair:6   | Found a large runed translucent door.
 19793 | Lair:6   | Found a large runed translucent door.
 19820 | Lair:6   | Reached skill level 10 in Shields
 20547 | Lair:6   | Reached skill level 10 in Fighting
 20547 | Lair:6   | Reached skill level 10 in Armour
 20985 | D:12     | Got a slimy iron ring
 21207 | D:12     | Identified the ring "Buimeash" {MR+ Str+4 Int-2}
 21215 | D:12     | Identified the ring of Lanean {rCorr Str+9 Dex-3}
 21282 | D:12     | Reached skill level 10 in Dodging
 21498 | D:12     | Got a pitted ruby amulet
 21501 | D:12     | Got a wavering golden ring
 21725 | Orc:1    | Entered Level 1 of the Orcish Mines
 21729 | Orc:1    | You are sucked into a shaft and drop 1 floor!
 21729 | Orc:2    | Entered Level 2 of the Orcish Mines
 21857 | Orc:2    | Reached XP level 15. HP: 117/117 MP: 15/15
 22044 | Orc:2    | Reached ****** piety under Makhleb
 22062 | Orc:2    | Identified the cursed ring of Lynnorucw {rElec rC++ Str+4
                  | Dex-4 Stlth+} (You found it on level 12 of the Dungeon)
 22064 | Orc:2    | Identified the ring of Midwinter {*Contam rC- rN+ Int+6
                  | Dex+10} (You found it on level 12 of the Dungeon)
 22160 | Orc:2    | Identified the amulet "Daliona" {RegenMP rPois Str+4} (You
                  | found it on level 12 of the Dungeon)
 22215 | Orc:2    | Found Xaxur's Antique Armour Shoppe.
 22215 | Orc:2    | Found Teren's Gadget Shop.
 22226 | Orc:2    | Found Wich's Magic Scroll Shop.
 22226 | Orc:2    | Found Jeasirr's Antique Armour Emporium.
 22250 | Orc:2    | Bought a heavily runed tower shield for 266 gold pieces
 22250 | Orc:2    | Identified the cursed +0 tower shield "Imyuru" {rElec rC+}
                  | (You bought it in a shop on level 2 of the Orcish Mines)
 22354 | Orc:2    | Noticed an orc warlord
 22469 | Orc:1    | Reached skill level 17 in Axes
 22944 | Orc:1    | Killed an orc warlord
 23253 | Orc:2    | Found a staircase to the Elven Halls.
 23442 | D:13     | Found Rosym's Magic Scroll Shop.
 23578 | D:13     | Found Asysonta's Magic Scroll Emporium.
 23599 | D:13     | Bought a scroll of enchant weapon for 90 gold pieces
 23599 | D:13     | Bought a scroll of enchant armour for 90 gold pieces
 23599 | D:13     | Bought a scroll of enchant weapon for 90 gold pieces
 23599 | D:13     | Bought a scroll of identify for 24 gold pieces
 23599 | D:13     | Bought a scroll of identify for 24 gold pieces
 23599 | D:13     | Bought a scroll of identify for 24 gold pieces
 23893 | D:13     | Found a hazy altar of Hepliaklqana.
 23949 | D:13     | Identified a scroll of acquirement
 23949 | D:13     | Acquired 585 gold pieces
 23982 | D:13     | Found Giown's Gadget Shop.
 24033 | D:13     | Found Vocatwao's General Store.
 24183 | D:13     | Found Nunautiung's Assorted Antiques.
 24186 | D:13     | Bought a tubular wooden ring for 130 gold pieces
 24327 | D:14     | Found a runed translucent gate.
 24327 | D:14     | Found a runed translucent gate.
 24327 | D:14     | Found a runed translucent gate.
 24527 | D:14     | Reached XP level 16. HP: 90/125 MP: 16/16
 24729 | D:14     | Found a sparkling altar of Nemelex Xobeh.
 24882 | D:14     | Reached skill level 18 in Axes
 25225 | D:14     | Found a gate to the Vaults.
 25255 | D:14     | Identified the Handbook of the Warrior-Mage
 25289 | D:14     | Noticed Dido's ghost (journeyman MiFi)
 25352 | D:15     | Entered Level 15 of the Dungeon
 25617 | D:15     | Found a staircase to the Depths.
 26068 | D:4      | Bought a scroll of brand weapon for 280 gold pieces
 26330 | D:15     | Found a basalt altar of Yredelemnul.
 26696 | D:15     | Acquired 805 gold pieces
 26854 | Swamp:1  | Entered Level 1 of the Swamp
 26963 | Swamp:1  | Identified Roxanne's Collected Works on the Mountains
 26963 | Swamp:1  | Noticed Roxanne
 27013 | Swamp:1  | Reached skill level 19 in Axes
 27013 | Swamp:1  | Killed Roxanne
 27023 | Swamp:1  | Noticed Jorgrun
 27030 | Swamp:1  | Killed Jorgrun
 27050 | Swamp:1  | Reached XP level 17. HP: 131/131 MP: 17/17
 27934 | Swamp:2  | Noticed Kirke
 27937 | Swamp:2  | Noticed a thorn hunter
 27946 | Swamp:2  | Killed Kirke
 27947 | Swamp:2  | Killed a thorn hunter
 28590 | Swamp:3  | Noticed Nikola
 28600 | Swamp:3  | Killed Nikola
 29010 | Swamp:4  | Entered Level 4 of the Swamp
 29010 | Swamp:4  | Noticed a thorn hunter
 29327 | Swamp:4  | Killed a thorn hunter
 29327 | Swamp:4  | Reached skill level 20 in Axes
 29374 | Swamp:4  | Reached skill level 15 in Shields
 29719 | Swamp:4  | Noticed a tentacled monstrosity
 29734 | Swamp:4  | Killed a tentacled monstrosity
 29772 | Swamp:4  | Reached XP level 18. HP: 138/138 MP: 18/18
 29885 | Swamp:4  | Got a decaying rune of Zot
 30494 | Spider:1 | Entered Level 1 of the Spider Nest
 30504 | Lair:4   | Reached skill level 21 in Axes
 30889 | Spider:1 | Noticed Donald
 30895 | Spider:1 | Killed Donald
 31271 | Spider:2 | Noticed Frances
 31281 | Spider:2 | Killed Frances
 31486 | Spider:2 | Reached skill level 22 in Axes
 31508 | Spider:2 | Got a steaming ring mail
 31523 | Spider:2 | Identified the +0 ring mail "Aryel" {Harm rPois rN+ rCorr}
                  | (You found it on level 2 of the Spider Nest)
 31910 | Spider:3 | Noticed Arachne
 31945 | Spider:3 | HP: 6/138 [poisoned by Arachne (poison arrow)]
 31945 | Spider:3 | Mangled by Arachne

Illustrated notes

Levels and vault maps discovered:
D:1:      dpeg_arrival_tiny_i, layout_basic, hex_intersection
D:2:      layout_basic, minmay_pentomino_o2
D:3:      layout_basic, uniq_sigmund
D:4:      layout_rooms, gammafunk_ghost_stat_death, serial_shops,
          nicolae_shop_waterfront, shop, nicolae_shop_trees
D:5:      layout_basic, chequers_temple_overflow_statue_of_worship,
          lemuel_zombie_altar_yredelemnul, serial_shops, shop_statue,
          uniq_eustachio
D:6:      layout_loops_ring, grunt_dithmenos_smoke, temple_green,
          minmay_misc_feat_nine_boxes, minivault_26
D:7:      layout_gridville, hangedman_misty_isle
D:8:      layout_rooms, kennysheep_little_box, tgw_fedhas, uniq_grum
D:9:      layout_gridville
D:10:     layout_loops_ring, basic_altar, kennysheep_kite_vault
D:11:     layout_stronghold, due_lair_maze_entry_diamond,
          portal_ice_cave_entry_pillars_1
D:12:     minmay_the_grid_triangle_9x9_rhombus_thin_mashed
          [minmay_the_grid_triangle_9x9_thin_v,
          minmay_the_grid_triangle_9x9_prize_special,
          minmay_the_grid_triangle_9x9_sparse_checkered,
          minmay_the_grid_triangle_9x9_checkered], layout_loops_ring,
          kennysheep_crisscross
D:13:     layout_cave_pods, serial_shops, kennysheep_mini_moat, shop_scrolls,
          shop_fountains, shop_coins, shop, basic_altar
D:14:     layout_basic, grunt_vaults_entry_tiered,
          nemelex_xobeh_ov_fountains_minmay, special_room [special_room_bee],
          gammafunk_ghost_icy
D:15:     hangedman_depths_entry_civil_slaughter, layout_basic,
          lemuel_mausoleum_altar_yredelemnul
Temple:   regret_index_temple_generic_petals
Lair:1:   layout_hall_layers, serial_bayou_lake_a, serial_bayou_shore_a
Lair:2:   dpeg_oklob_gauntlet, layout_regular_city,
          nicolae_swamp_entry_splash_gauntlet, minmay_lair_oklob_chamber,
          infiniplex_staircase_pool_2
Lair:3:   layout_regular_city, serial_bayou_shore_b
Lair:4:   layout_layer_cave, spider_nest_entry_rubble,
          cheibrodos_lair_reptile_den
Lair:5:   layout_gridlike, slime_altar_1, grunt_forest_large_clearing_hut
Lair:6:   cheibrodos_lair_end_hotspot, layout_loops_ring
Swamp:1:  layout_basic_swamp, serial_swamp_ruin, evilmike_swamp_ruin_rubble_1,
          evilmike_swamp_ruin_house_2, hangedman_swamp_ruin_wall, uniq_jorgrun,
          uniq_roxanne
Swamp:2:  layout_basic_swamp, evilmike_swamp_ruin_rubble_2, uniq_kirke
Swamp:3:  layout_basic_swamp, evilmike_swamp_ruin_house_1, swamp_pool4,
          uniq_nikola
Swamp:4:  swamp_vile, layout_basic_swamp, swamp_pool1, hangedman_swamp_blocks
Spider:1: nicolae_spider_hall_of_the_moth_king, uniq_donald
Spider:2: layout_spider_delve, guppyfry_hornet_nest, nicolae_spider_cling_ruins,
          uniq_frances
Spider:3: layout_spider_delve, uniq_arachne
Orc:1:    layout_diamond_mine
Orc:2:    st_orc_ogre_mass, layout_diamond_mine

Skill      XL: |  1  2  3  4  5  6  7  8  9 10 11 12 13 14 15 16 17 18 |
---------------+-------------------------------------------------------+-----
Shields        | 4 5 6 7 9 10 12 14 15 | 15.0
Axes           | 3 4 5 7 13 14 15 16 17 19 20 22 | 22.1
Dodging        | 3 5 9 10 | 10.5
Fighting       | 5 8 9 10 11 | 11.0
Armour         | 5 8 9 10 11 | 11.0

Action                   |  1- 3 |  4- 6 |  7- 9 | 10-12 | 13-15 | 16-18 || total
-------------------------+-------+-------+-------+-------+-------+-------++-------
Melee: War axe           |   123 |   197 |   333 |   957 |   759 |       ||  2369
       Eveningstar       |       |       |       |    11 |    43 |       ||    54
       Great mace        |       |       |       |       |   136 |    73 ||   209
       Battleaxe         |       |       |       |       |   463 |   310 ||   773
       Executioner's axe |       |       |       |       |       |   657 ||   657
 Abil: Dig               |       |     1 |     8 |    22 |    21 |     2 ||    54
Evoke: Wand              |       |       |       |     4 |       |     4 ||     8
  Use: Scroll            |       |     7 |     6 |    13 |    16 |    18 ||    60
       Potion            |       |     1 |     1 |     1 |     2 |     2 ||     7
 Stab: Petrifying        |       |       |       |     1 |       |       ||     1
       Petrified         |       |       |       |     1 |       |       ||     1
       Held in net/web   |       |       |       |       |       |     1 ||     1
Armor: Scale mail        |    20 |       |       |       |       |       ||    20
       Chain mail        |    57 |    36 |       |       |       |       ||    93
       Swamp dragon scal |       |    60 |    98 |   121 |       |       ||   279
       Ring mail         |       |       |       |    53 |   212 |   271 ||   536
Dodge: Dodged            |    27 |    53 |    89 |   182 |   442 |   478 ||  1271
Block: Kite shield       |    63 |   125 |   148 |   422 |   713 |       ||  1471
       Reflection        |       |       |       |     6 |    28 |    37 ||    71
       Tower shield      |       |       |       |       |   474 |  1215 ||  1689

Table legend: (Time is in decaauts)
 A = Elapsed time spent in this place.
 B = Non-inter-level travel time spent in this place.
 C = Inter-level travel time spent in this place.
 D = Time resting spent in this place.
 E = Time spent auto-exploring this place.
 F = Levels seen in this place.
 G = Mean time per level.
                   A        B        C        D        E       F      G
               +--------+--------+--------+--------+--------+-----+--------+
         Total |  31460 |  28779 |   2681 |   5940 |  15719 |  32 |  983.1 |
       Dungeon |  17383 |  15814 |   1569 |   3322 |   8363 |  15 | 1158.9 |
        Temple |    293 |    219 |     74 |      0 |    217 |   1 |  293.0 |
          Lair |   7097 |   6277 |    820 |   1253 |   3899 |   6 | 1182.8 |
         Swamp |   3537 |   3400 |    137 |    789 |   1802 |   4 |  884.2 |
   Spider Nest |   1223 |   1189 |     34 |     44 |    791 |   3 |  407.7 |
  Orcish Mines |   1616 |   1571 |     45 |    347 |    626 |   2 |  808.0 |
      Ice Cave |    308 |    308 |      0 |    185 |     21 |   1 |  308.0 |
               +--------+--------+--------+--------+--------+-----+--------+

Top non-repeatable levels by time:
     D:3: 2343 daAuts
  Lair:6: 1769 daAuts
    D:11: 1500 daAuts
  Lair:2: 1459 daAuts
  Lair:4: 1341 daAuts
     D:2: 1336 daAuts
     D:1: 1259 daAuts
     D:5: 1196 daAuts
     D:4: 1180 daAuts
     D:9: 1142 daAuts
     D:8: 1119 daAuts
    D:14: 1079 daAuts
     D:7: 1079 daAuts
  Lair:1: 1052 daAuts
 Swamp:4: 1019 daAuts
